[Event "Titled Tuesday Blitz September 21 2021"]
[White "Nakamura, Hikaru"]
[Black "Svane, Rasmus"]
[WhiteFideId "2016192"]
[BlackFideId "4657101"]
[WhiteElo "2884"]
[BlackElo "2643"]
[Result "1-0"]
[Round "06"]
[TimeControl "180+1"]
[Date "2021.09.21"]
[WhiteClock "0:00:56"]
[BlackClock "0:00:18"]

1. e4 c6 2. Nf3 d5 3. Nc3 dxe4 4. Nxe4 Nf6 5. Qe2 Nxe4 6. Qxe4 Qa5 7. Bc4 Bf5 8. Qf4 e6 9. Bb3 Be7 10. O-O O-O 11. d3 Qd8 12. Bd2 Bd6 13. Qe3 Nd7 14. d4 Qc7 15. c4 Rfe8 16. Bc3 Rad8 17. Rfe1 h6 18. h3 Nf6 19. Red1 Ne4 20. Be1 Bf4 21. Qe2 Nf6 22. Bc2 Bxc2 23. Qxc2 a6 24. Bc3 Bd6 25. Qe2 Qe7 26. a3 Nh7 27. Rd3 Ng5 28. Nd2 Bf4 29. Rd1 e5 30. dxe5 Rxd3 31. Qxd3 Bxe5 32. Nf1 Bxc3 33. Qxc3 Ne4 34. Qe3 Nc5 35. Qxe7 Rxe7 36. Rd8+ Kh7 37. b4 Ne4 38. Ne3 g6 39. c5 Kg7 40. Nc4 Kf6 41. Na5 Nc3 42. Kf1 Nb1 43. Rd3 Kf5 44. Nc4 Kf6 45. f3 Ke6 46. Re3+ Kf6 47. Rb3 1-0


[Site "https://www.chess.com"]

[Event "Titled Tuesday Blitz September 21 2021"]
[White "Nenezic, Marko"]
[Black "Lashkin, Jegor"]
[WhiteFideId "912123"]
[BlackFideId "13907808"]
[WhiteElo "2481"]
[BlackElo "2293"]
[Result "0-1"]
[Round "06"]
[TimeControl "180+1"]
[Date "2021.09.21"]
[WhiteClock "0:00:05"]
[BlackClock "0:00:03"]

1. Nf3 d5 2. d4 Nf6 3. c4 e6 4. g3 dxc4 5. Bg2 a6 6. Ne5 Bb4+ 7. Nc3 Nd5 8. Qc2 b5 9. O-O O-O 10. a4 f6 11. Ng4 Bb7 12. axb5 Bxc3 13. bxc3 h5 14. Nh6+ Kh8 15. bxa6 Nxa6 16. Rb1 Bc6 17. Ba3 gxh6 18. Qg6 Qd7 19. Qxh6+ Kg8 20. Bxf8 Rxf8 21. Ra1 Nb8 22. Qg6+ Qg7 23. Qc2 f5 24. e4 Nf4 25. d5 Nxg2 26. dxc6 Nf4 27. exf5 exf5 28. Qa2 Ne2+ 29. Qxe2 Qf7 30. Ra4 Kg7 31. Rxc4 Re8 32. Qd3 Re6 33. Rf4 Rf6 34. Re1 Nxc6 35. h4 Ne7 36. Re5 Ng6 37. Rexf5 Nxf4 38. Rxf4 Rxf4 39. gxf4 Kf8 40. Qd4 Qg6+ 41. Kf1 Qb1+ 42. Kg2 Qg6+ 43. Kf1 Qb1+ 44. Ke2 Qc2+ 45. Kf3 Qb2 46. Qc5+ Kg8 47. Qd5+ Kg7 48. Qd7+ Kf6 49. Qc6+ Kg7 50. Qxc7+ Kh6 51. Qd6+ Kh7 52. Qe7+ Kh6 53. Qg5+ Kh7 54. Qxh5+ Kg7 55. Qe5+ Kf7 56. h5 Qc1 57. h6 Qh1+ 58. Ke3 Qxh6 59. c4 Qh3+ 60. Kd4 Qb3 61. f5 Qb2+ 62. Kd5 Qb7+ 63. Kd4 Qb2+ 64. Kd5 Qb7+ 65. Kc5 Qa7+ 66. Kb4 Qxf2 67. Qe6+ Kf8 68. Kb5 Qb2+ 69. Kc6 Qg2+ 70. Qd5 Qb2 71. c5 Kg7 72. Kd7 Kf6 73. c6 Kg5 74. c7 Qg7+ 75. Kc6 Qf6+ 76. Kb7 Qe7 77. Kc6 Qe8+ 78. Qd7 Qe4+ 79. Qd5 Qe8+ 80. Kb7 Qe7 81. Kb8 Qb4+ 82. Ka7 Qa5+ 83. Kb7 Qxd5+ 84. Kb8 Qb5+ 85. Ka8 Qc6+ 86. Kb8 Qb6+ 0-1


[Site "https://www.chess.com"]

[Event "Titled Tuesday Blitz September 21 2021"]
[White "Nesterov, Arseniy"]
[Black "Arjun Kalyan"]
[WhiteFideId "24198455"]
[BlackFideId "35018701"]
[WhiteElo "2494"]
[BlackElo "2321"]
[Result "1-0"]
[Round "06"]
[TimeControl "180+1"]
[Date "2021.09.21"]
[WhiteClock "0:00:10"]
[BlackClock "0:00:09"]

1. d4 d5 2. c4 e6 3. Nf3 Nf6 4. Nc3 h6 5. Bf4 Bd6 6. Bxd6 Qxd6 7. e3 O-O 8. c5 Qe7 9. Be2 Nc6 10. O-O Rd8 11. a3 e5 12. b4 a6 13. Re1 e4 14. Nd2 Be6 15. Rb1 Qd7 16. a4 Ne7 17. b5 axb5 18. axb5 Bg4 19. Bxg4 Nxg4 20. h3 Nf6 21. Nf1 h5 22. Ra1 h4 23. Qe2 Qf5 24. b6 cxb6 25. cxb6 Rxa1 26. Rxa1 Rd6 27. Na4 g5 28. Nh2 Nc8 29. Rb1 Nd7 30. Ng4 Kg7 31. Qc2 Ncxb6 32. Nxb6 Rxb6 33. Rxb6 Nxb6 34. Qc7 Nc4 35. Qxb7 Qe6 36. Qc7 Kg6 37. Ne5+ Nxe5 38. dxe5 Kf5 39. Kf1 g4 40. hxg4+ Kxg4 41. Qd6 Kf5 42. Qd8 Qxe5 43. Qxh4 Qa1+ 44. Ke2 Qb2+ 45. Ke1 Qc1+ 46. Ke2 Qc4+ 47. Ke1 Qc3+ 48. Ke2 Ke6 49. Qg4+ Ke7 50. Qg5+ Ke6 51. Qg4+ Ke7 52. Qg5+ Kd6 53. Qd8+ Ke6 54. Qe8+ Kf6 55. Qh8+ Kg6 56. Qxc3 1-0


[Site "https://www.chess.com"]

[Event "Titled Tuesday Blitz September 21 2021"]
[White "Obolentseva, Alexandra"]
[Black "Petrovskyi, Vadym"]
[WhiteFideId "24153648"]
[BlackFideId "14165210"]
[WhiteElo "2113"]
[BlackElo "2334"]
[Result "0-1"]
[Round "06"]
[TimeControl "180+1"]
[Date "2021.09.21"]
[WhiteClock "0:02:10"]
[BlackClock "0:01:54"]

1. d4 Nf6 2. c4 g6 3. Nc3 Bg7 4. e4 d6 5. Nf3 O-O 6. Be2 e5 7. O-O Nc6 8. d5 Ne7 9. b4 Nh5 10. Re1 f5 11. Ng5 Nf4 12. Bf3 h6 13. Ne6 Nxe6 14. dxe6 Bxe6 15. exf5 gxf5 16. Bxb7 Rb8 17. Bd5 Nxd5 18. cxd5 Bd7 19. a3 e4 20. Bb2 Qg5 21. Re3 Be5 22. Kh1 Rbe8 23. Qe2 Qg7 24. Rd1 f4 25. Rxe4 Bxc3 26. Bxc3 Qxc3 27. Rxe8 Rxe8 0-1


[Site "https://www.chess.com"]

[Event "Titled Tuesday Blitz September 21 2021"]
[White "Odegov, Artem"]
[Black "Vlassov, Nikolai"]
[WhiteFideId "34183644"]
[BlackFideId "4103360"]
[WhiteElo "2257"]
[BlackElo "2407"]
[Result "1-0"]
[Round "06"]
[TimeControl "180+1"]
[Date "2021.09.21"]
[WhiteClock "0:00:09"]
[BlackClock "0:00:12"]

1. d4 Nf6 2. c4 Nc6 3. Nf3 e6 4. Nc3 Bb4 5. g3 Bxc3+ 6. bxc3 O-O 7. Bg2 Rb8 8. O-O b6 9. Qc2 Na5 10. c5 Bb7 11. cxb6 axb6 12. Ne5 Bxg2 13. Kxg2 d6 14. Nf3 Qd7 15. e4 Qc6 16. Re1 Ra8 17. Bg5 Nd7 18. h4 Nc4 19. Kh2 Ra4 20. d5 Qa8 21. Nd4 Nc5 22. Nc6 e5 23. Qe2 f6 24. Bc1 g6 25. h5 Kg7 26. Qg4 Rxa2 27. Rxa2 Qxa2 28. Kg1 f5 29. Qg5 fxe4 30. Rf1 e3 31. Qe7+ Rf7 32. h6+ Kg8 33. Qe8+ Rf8 34. Ne7+ Kh8 35. Qxf8# 1-0


[Site "https://www.chess.com"]

[Event "Titled Tuesday Blitz September 21 2021"]
[White "Onyshchuk, Volodymyr"]
[Black "Ozates, Tuna"]
[WhiteFideId "14114038"]
[BlackFideId "6354521"]
[WhiteElo "2603"]
[BlackElo "1872"]
[Result "1-0"]
[Round "06"]
[TimeControl "180+1"]
[Date "2021.09.21"]
[WhiteClock "0:01:59"]
[BlackClock "0:01:34"]

1. e4 e5 2. Nf3 Nc6 3. Bc4 Bc5 4. c3 Nf6 5. d3 a6 6. Nbd2 O-O 7. Bb3 Ba7 8. O-O d6 9. h3 Ne7 10. Re1 Ng6 11. Nf1 Nh5 12. d4 Nhf4 13. Ng3 h6 14. Bc2 Qf6 15. Be3 Be6 16. Nf5 Rfd8 17. Qc1 c5 18. d5 Bxf5 19. exf5 Ne7 20. Bxf4 exf4 21. Qxf4 Nxd5 22. Qe4 Ne7 23. Qxe7 1-0


[Site "https://www.chess.com"]

[Event "Titled Tuesday Blitz September 21 2021"]
[White "Ovetchkin, Roman"]
[Black "Ekdyshman, Mikhail"]
[WhiteFideId "4119991"]
[BlackFideId "4149416"]
[WhiteElo "2432"]
[BlackElo "2256"]
[Result "0-1"]
[Round "06"]
[TimeControl "180+1"]
[Date "2021.09.21"]
[WhiteClock "0:00:01"]
[BlackClock "0:00:04"]

1. d4 Nf6 2. c4 c5 3. d5 b5 4. cxb5 a6 5. bxa6 Bxa6 6. Nc3 d6 7. e4 Bxf1 8. Kxf1 g6 9. g3 Bg7 10. Kg2 O-O 11. Nf3 Nbd7 12. a4 Ne8 13. Qc2 Ra6 14. h4 h5 15. Bd2 Qa8 16. Nb5 Qb7 17. Bc3 Ndf6 18. Rhd1 Nc7 19. Nxc7 Qxc7 20. e5 dxe5 21. Bxe5 Qb7 22. Qxc5 Rc8 23. Qd4 Rd8 24. d6 Ne8 25. Qf4 Nxd6 26. Bxg7 Kxg7 27. Rd2 Rc8 28. Re1 Kg8 29. Kh2 Rc4 30. Qe3 Re4 31. Qc3 Rc4 32. Qd3 Rcxa4 33. Ng5 R4a5 34. Rde2 Nf5 35. Rc2 Ra8 36. Rec1 Rd5 37. Qe4 Rad8 38. Rc7 Qb3 0-1


[Site "https://www.chess.com"]

[Event "Titled Tuesday Blitz September 21 2021"]
[White "Pasti, Aron"]
[Black "Zhigalko, Sergei"]
[WhiteFideId "785857"]
[BlackFideId "13502956"]
[WhiteElo "2080"]
[BlackElo "2662"]
[Result "0-1"]
[Round "06"]
[TimeControl "180+1"]
[Date "2021.09.21"]
[WhiteClock "0:00:08"]
[BlackClock "0:00:34"]

1. e4 c5 2. Nf3 d6 3. d4 cxd4 4. Nxd4 Nf6 5. Nc3 a6 6. Bg5 Nbd7 7. Bc4 Qb6 8. Bb3 e6 9. Qd2 Be7 10. O-O-O Nc5 11. f3 Qc7 12. h4 b5 13. g4 Bd7 14. Kb1 b4 15. Nce2 a5 16. Ng3 O-O 17. Nh5 Qd8 18. Bxf6 Bxf6 19. Nxf6+ Qxf6 20. g5 Qe7 21. h5 Rac8 22. g6 a4 23. gxh7+ Kh8 24. Bc4 Nxe4 25. fxe4 Rxc4 26. Rhg1 Qf6 27. Rdf1 Qxd4 28. Qe2 a3 29. c3 bxc3 30. h6 g6 31. Rxg6 c2+ 0-1


[Site "https://www.chess.com"]

[Event "Titled Tuesday Blitz September 21 2021"]
[White "Perez Gormaz, Matias"]
[Black "Omariev, Maksim"]
[WhiteFideId "3406342"]
[BlackFideId "4193423"]
[WhiteElo "2352"]
[BlackElo "2466"]
[Result "1-0"]
[Round "06"]
[TimeControl "180+1"]
[Date "2021.09.21"]
[WhiteClock "0:01:06"]
[BlackClock "0:00:01"]

1. e4 c5 2. Nf3 d6 3. d4 cxd4 4. Nxd4 Nf6 5. Nc3 a6 6. Bg5 Nbd7 7. Bc4 e6 8. Qe2 Qb6 9. O-O-O Qc5 10. f4 h6 11. Bh4 g5 12. Bf2 Qa5 13. f5 Ne5 14. fxe6 fxe6 15. Bxe6 Be7 16. h4 g4 17. Rhf1 Bxe6 18. Nxe6 Rc8 19. Bd4 Kd7 20. Ng7 Kc7 21. Nf5 Bd8 22. Kb1 Ne8 23. Nd5+ Kb8 24. Nxd6 Nxd6 25. Bxe5 Re8 26. Bxd6+ Ka8 27. Qd3 Bxh4 28. a3 Bg5 29. Rf7 Bd8 30. Qb3 b5 31. Nb4 Qb6 32. Qd5+ 1-0


[Site "https://www.chess.com"]

[Event "Titled Tuesday Blitz September 21 2021"]
[White "Perez Ponsa, Federico"]
[Black "Tisaj, Domen"]
[WhiteFideId "117927"]
[BlackFideId "14628708"]
[WhiteElo "2672"]
[BlackElo "2272"]
[Result "1-0"]
[Round "06"]
[TimeControl "180+1"]
[Date "2021.09.21"]
[WhiteClock "0:01:00"]
[BlackClock "0:00:19"]

1. c4 g6 2. g3 c5 3. Bg2 Bg7 4. Nc3 Nc6 5. d3 e5 6. e3 Nge7 7. Nge2 O-O 8. O-O d6 9. a3 Be6 10. Nd5 Qd7 11. Re1 Bh3 12. Bh1 Nxd5 13. cxd5 Ne7 14. Rb1 Rab8 15. b4 b6 16. Bb2 h5 17. Qd2 h4 18. f4 hxg3 19. hxg3 Nf5 20. Kf2 Nh6 21. Ng1 Bg4 22. Bg2 Bh5 23. Nf3 Rbe8 24. bxc5 bxc5 25. Bc3 Bg4 26. Rb2 exf4 27. gxf4 Nf5 28. Bxg7 Kxg7 29. Qc3+ Kg8 30. Rh1 Bh5 31. Rxh5 gxh5 32. Bh3 Qe7 33. Bxf5 Qxe3+ 34. Kg3 h4+ 35. Kg4 f6 36. Qd2 Qe7 37. Nxh4 Rf7 38. Be6 f5+ 39. Nxf5 Kf8 1-0


[Site "https://www.chess.com"]

[Event "Titled Tuesday Blitz September 21 2021"]
[White "Pg, Mohd Omar Ak Hira"]
[Black "Manukyan, Sargis A."]
[WhiteFideId "10500103"]
[BlackFideId "13303970"]
[WhiteElo "2184"]
[BlackElo "2187"]
[Result "1/2-1/2"]
[Round "06"]
[TimeControl "180+1"]
[Date "2021.09.21"]
[WhiteClock "0:00:34"]
[BlackClock "0:00:05"]

1. e4 e6 2. d4 d5 3. Nd2 Nc6 4. c3 e5 5. exd5 Qxd5 6. Qf3 Qxf3 7. Ngxf3 exd4 8. Nxd4 Nxd4 9. cxd4 Be6 10. Bc4 Bxc4 11. Nxc4 O-O-O 12. O-O Rxd4 13. Ne5 Nh6 14. Bxh6 gxh6 15. Nxf7 Rg8 16. Rad1 Bg7 17. Rxd4 Bxd4 18. Nxh6 Rf8 19. Ng4 Bxb2 20. g3 Bd4 21. Kg2 c5 22. f4 Kd7 23. Kf3 b5 24. Ke4 Kd6 25. Rd1 a5 26. Ne5 Re8 27. h4 h5 28. Kf5 Rg8 29. Ng6 a4 30. Kg5 b4 31. Rb1 Rb8 32. f5 b3 33. axb3 axb3 34. f6 Rb7 35. f7 Rxf7 36. Rxb3 c4 37. Rb4 Kc5 38. Rb8 Rf3 39. Rc8+ Kb4 40. Kxh5 Rxg3 41. Nf4 c3 42. Nd5+ Kb3 43. Nxc3 Bxc3 44. Kh6 Rh3 45. h5 Bd2+ 46. Kg6 Rg3+ 47. Kh7 Rh3 48. Kg6 Kb4 49. Rc6 Kb5 50. Rc8 Be3 51. Rc2 Kb4 52. Rc8 Bc5 53. h6 Rg3+ 54. Kf7 Rh3 55. Kg6 Rg3+ 56. Kf7 Rh3 57. Kg6 1/2-1/2


[Site "https://www.chess.com"]

[Event "Titled Tuesday Blitz September 21 2021"]
[White "Popadic, Dragan"]
[Black "Karttunen, Mika"]
[WhiteFideId "913650"]
[BlackFideId "502081"]
[WhiteElo "2207"]
[BlackElo "2343"]
[Result "0-1"]
[Round "06"]
[TimeControl "180+1"]
[Date "2021.09.21"]
[WhiteClock "0:00:02"]
[BlackClock "0:00:07"]

1. e4 e5 2. d4 exd4 3. Qxd4 Nc6 4. Qe3 Nf6 5. Nc3 Bb4 6. Bd2 O-O 7. O-O-O Re8 8. Qg3 Nxe4 9. Nxe4 Rxe4 10. c3 Bf8 11. Bd3 Re8 12. Nf3 g6 13. h4 d5 14. h5 Bd6 15. Bf4 Qf6 16. Bxd6 Qxd6 17. hxg6 fxg6 18. Qh4 Re7 19. Ng5 Qf6 20. Rhe1 Bd7 21. Rxe7 Qxe7 22. Rh1 Ne5 23. Bc2 h5 24. Kb1 Qf6 25. f3 Rf8 26. a3 c6 27. Qg3 Bf5 28. Re1 Bxc2+ 29. Kxc2 Qf5+ 30. Kb3 Nf7 31. Nxf7 Qxf7 32. Qd6 d4+ 33. c4 b5 34. Qxd4 bxc4+ 35. Qxc4 Rb8+ 36. Kc3 Qxc4+ 37. Kxc4 Rxb2 38. Re6 Rxg2 39. Kb4 h4 40. Rxc6 h3 41. Rc4 g5 0-1


[Site "https://www.chess.com"]

[Event "Titled Tuesday Blitz September 21 2021"]
[White "Quparadze, Giga"]
[Black "Maly, Alexey"]
[WhiteFideId "13602250"]
[BlackFideId "14103184"]
[WhiteElo "2658"]
[BlackElo "2250"]
[Result "1/2-1/2"]
[Round "06"]
[TimeControl "180+1"]
[Date "2021.09.21"]
[WhiteClock "0:02:04"]
[BlackClock "0:00:33"]

1. e4 c6 2. Nc3 d5 3. d4 dxe4 4. Nxe4 Bf5 5. Ng3 Bg6 6. Nf3 Nd7 7. h4 h6 8. h5 Bh7 9. Bd3 Bxd3 10. Qxd3 e6 11. Bf4 Ngf6 12. O-O-O Be7 13. Kb1 O-O 14. Ne4 Nxe4 15. Qxe4 Nf6 16. Qe2 Qd5 17. Ne5 Qe4 18. Qxe4 Nxe4 19. Rhe1 Nf6 20. g4 Rad8 21. f3 Rfe8 22. Bc1 Nd7 23. c4 Nxe5 24. dxe5 Rxd1 25. Rxd1 Rd8 26. Rxd8+ Bxd8 27. Be3 a6 28. Kc2 Be7 29. Kd3 Kf8 30. Ke4 b5 31. cxb5 cxb5 32. f4 g6 33. f5 exf5+ 34. gxf5 gxh5 35. f6 Bb4 36. a3 Ba5 37. Kf5 h4 38. e6 h3 39. Bxh6+ Ke8 40. Bf4 Bb6 41. Bh2 Be3 42. b3 a5 43. a4 bxa4 44. bxa4 Bd4 45. Kg5 fxe6 46. Kg6 Kd7 47. f7 Bc5 48. Be5 Bf8 49. Kf6 Be7+ 50. Kg6 Kc6 51. Kh5 Kd5 52. Bg3 Kc4 53. Kg4 Kb4 54. Kxh3 Kxa4 55. Be1 Kb5 56. Kg4 a4 57. Kf4 a3 58. Bc3 Kc4 59. Bf6 Bd6+ 60. Ke4 a2 61. Be5 Bxe5 62. f8=Q a1=Q 63. Qc8+ Kb5 64. Qb7+ Kc5 65. Qc8+ Kb5 66. Qe8+ Kb4 67. Qe7+ Ka4 68. Qd7+ Ka3 69. Qe7+ Ka2 70. Qxe6+ Kb1 71. Qxe5 Qxe5+ 72. Kxe5 1/2-1/2


[Site "https://www.chess.com"]

[Event "Titled Tuesday Blitz September 21 2021"]
[White "Rakhmanov, Aleksandr"]
[Black "Szpar, Milosz"]
[WhiteFideId "4173708"]
[BlackFideId "1184989"]
[WhiteElo "2554"]
[BlackElo "2282"]
[Result "1/2-1/2"]
[Round "06"]
[TimeControl "180+1"]
[Date "2021.09.21"]
[WhiteClock "0:01:17"]
[BlackClock "0:00:13"]

1. d4 Nf6 2. c4 e6 3. Nc3 d5 4. Nf3 Bb4 5. Qa4+ Nc6 6. e3 O-O 7. Bd2 Bd7 8. Qc2 dxc4 9. Bxc4 Bd6 10. O-O e5 11. dxe5 Nxe5 12. Nxe5 Bxe5 13. f4 Bd6 14. e4 Bc5+ 15. Kh1 Ng4 16. h3 Nf2+ 17. Kh2 Qh4 18. Be1 Qxf4+ 19. g3 Qh6 20. Bxf2 Qxh3+ 21. Kg1 Qxg3+ 22. Kh1 Qh3+ 23. Kg1 Qg4+ 24. Kh1 Qh5+ 25. Kg1 Qg4+ 26. Kh1 Qh3+ 27. Kg1 Qg3+ 28. Kh1 Qh3+ 1/2-1/2


[Site "https://www.chess.com"]

[Event "Titled Tuesday Blitz September 21 2021"]
[White "Rojas Alarcon, Julian Antonio"]
[Black "Djokic, Mihailo"]
[WhiteFideId "5107407"]
[BlackFideId "976440"]
[WhiteElo "2333"]
[BlackElo "2008"]
[Result "1-0"]
[Round "06"]
[TimeControl "180+1"]
[Date "2021.09.21"]
[WhiteClock "0:01:22"]
[BlackClock "0:00:04"]

1. c4 e5 2. Nc3 Nc6 3. g3 Bc5 4. Bg2 d6 5. e3 Bf5 6. d3 a6 7. a3 Ba7 8. Nge2 h5 9. h3 Qd7 10. Nd5 Nge7 11. Nec3 Rb8 12. b4 Nxd5 13. Nxd5 Ne7 14. Nc3 c6 15. Bb2 d5 16. cxd5 cxd5 17. e4 Be6 18. Rc1 b5 19. exd5 Nxd5 20. Ne4 f6 21. d4 exd4 22. Bxd4 Nf4 23. gxf4 Bxd4 24. O-O Bb2 25. Qxd7+ Bxd7 26. Rb1 Bd4 27. Rbd1 Bb6 28. Rfe1 Kd8 29. Nc5 Bxc5 30. bxc5 Kc8 31. Re7 Rd8 32. Rxg7 b4 33. c6 Bf5 34. Rxd8+ Kxd8 35. c7+ 1-0


[Site "https://www.chess.com"]

[Event "Titled Tuesday Blitz September 21 2021"]
[White "Rozhkov, Viacheslav"]
[Black "Harshavardhan G B"]
[WhiteFideId "4181484"]
[BlackFideId "25059009"]
[WhiteElo "2324"]
[BlackElo "1825"]
[Result "0-1"]
[Round "06"]
[TimeControl "180+1"]
[Date "2021.09.21"]
[WhiteClock "0:00:10"]
[BlackClock "0:00:17"]

1. e4 e5 2. Nf3 Nc6 3. d4 exd4 4. Bc4 Nf6 5. e5 d5 6. Bb5 Ne4 7. Nxd4 Bd7 8. Bxc6 bxc6 9. O-O Bc5 10. f3 Ng5 11. f4 Ne4 12. Be3 Bb6 13. Nd2 c5 14. N4f3 Nxd2 15. Qxd2 d4 16. Bf2 Bc6 17. c4 Qd7 18. Bh4 h6 19. e6 fxe6 20. Ne5 Qd6 21. Ng6 Rg8 22. f5 exf5 23. Ne7 g5 24. Nxg8 O-O-O 25. Nxh6 gxh4 26. Nxf5 Qe6 27. Rae1 Qxc4 28. Ne7+ Kb7 29. Nxc6 Kxc6 30. Qh6+ Rd6 31. Qxh4 Qxa2 32. Qe4+ Kb5 33. h4 d3 34. Ra1 Qc4 35. Qxc4+ Kxc4 36. g4 Kb3 37. g5 c4+ 38. Kg2 Kxb2 39. Kg3 d2 40. Rfb1+ Kc2 41. h5 Bd4 42. g6 Bxa1 43. Rxa1 Kb2 44. Rd1 c3 45. g7 Rd8 46. h6 c2 47. Rxd2 Rxd2 48. g8=Q c1=Q 49. Qg7+ Qc3+ 50. Qxc3+ Kxc3 51. h7 Rd8 0-1


[Site "https://www.chess.com"]

[Event "Titled Tuesday Blitz September 21 2021"]
[White "Sarana, Alexey"]
[Black "Leitao, Rafael"]
[WhiteFideId "24133795"]
[BlackFideId "2101246"]
[WhiteElo "2671"]
[BlackElo "2609"]
[Result "1-0"]
[Round "06"]
[TimeControl "180+1"]
[Date "2021.09.21"]
[WhiteClock "0:00:06"]
[BlackClock "0:00:02"]

1. e4 c5 2. Nf3 e6 3. c3 Nf6 4. e5 Nd5 5. d4 cxd4 6. cxd4 d6 7. Bd3 Nc6 8. O-O Be7 9. Qe2 O-O 10. Rd1 Ndb4 11. Bb5 a6 12. Ba4 b5 13. Bb3 Na5 14. Nbd2 Bb7 15. Ne4 Nxb3 16. axb3 Rc8 17. Bd2 Nc2 18. Rac1 dxe5 19. dxe5 Qd5 20. Bg5 Bxg5 21. Rxd5 Bxc1 22. Rd7 Bc6 23. Rd1 Bxe4 24. Qxe4 Na1 25. Qd3 Bxb2 26. h4 Bc3 27. Ng5 g6 28. h5 Bxe5 29. hxg6 hxg6 30. Qh3 Kg7 31. Qh7+ Kf6 32. Ne4+ Ke7 33. Qh4+ f6 34. Qh3 Rcd8 35. Rc1 Rh8 36. Qe3 Bd4 37. Rc7+ Kf8 38. Qg3 Be5 39. Qf3 Bxc7 40. Qxf6+ Kg8 41. Qxg6+ Kf8 42. Qf6+ Kg8 43. Qxe6+ Kf8 44. Qf6+ Kg8 45. g3 Rh7 46. Qxa1 Re7 47. Nf6+ Kf7 48. Ng4 Red7 49. Qxa6 Rd1+ 50. Kg2 R1d5 51. Qf6+ Ke8 52. Qg7 1-0


[Site "https://www.chess.com"]

[Event "Titled Tuesday Blitz September 21 2021"]
[White "Savchenko, Boris"]
[Black "Krysa, Leandro"]
[WhiteFideId "4147332"]
[BlackFideId "116807"]
[WhiteElo "2543"]
[BlackElo "2490"]
[Result "1-0"]
[Round "06"]
[TimeControl "180+1"]
[Date "2021.09.21"]
[WhiteClock "0:01:06"]
[BlackClock "0:00:05"]

1. e4 c5 2. Nf3 Nc6 3. Nc3 g6 4. d4 cxd4 5. Nxd4 Bg7 6. Be3 Nf6 7. Bc4 Qa5 8. O-O O-O 9. h3 d6 10. Re1 Bd7 11. Bb3 Rac8 12. Qe2 Nxd4 13. Bxd4 Bc6 14. Rad1 Rfe8 15. f4 Nd7 16. Bxg7 Kxg7 17. Bd5 Qb6+ 18. Qf2 Qxb2 19. Rd3 Qb6 20. Rde3 e6 21. Bb3 Nf6 22. g4 a5 23. a4 Qc5 24. Rd3 Qxf2+ 25. Kxf2 Red8 26. g5 Ne8 27. Red1 Kf8 28. h4 Ke7 29. f5 exf5 30. exf5 gxf5 31. Nd5+ Bxd5 32. Rxd5 Rc5 33. Rxc5 dxc5 34. Rxd8 Kxd8 35. Bxf7 Nd6 36. Bg8 b5 37. axb5 a4 38. Ke3 a3 39. Kd2 Nxb5 40. h5 Ke7 41. Kc1 f4 42. Bxh7 Nd4 43. h6 Ne6 44. g6 f3 45. g7 f2 46. Bd3 Kf7 47. Bc4 1-0


[Site "https://www.chess.com"]

[Event "Titled Tuesday Blitz September 21 2021"]
[White "Seemann, Jakub"]
[Black "Mirzoev, Azer"]
[WhiteFideId "21874697"]
[BlackFideId "13400304"]
[WhiteElo "1849"]
[BlackElo "2525"]
[Result "0-1"]
[Round "06"]
[TimeControl "180+1"]
[Date "2021.09.21"]
[WhiteClock "0:00:04"]
[BlackClock "0:00:11"]

1. e4 c5 2. Nf3 d6 3. d4 cxd4 4. Nxd4 Nf6 5. Nc3 a6 6. Rg1 b5 7. g4 Bb7 8. g5 Nxe4 9. Nxe4 Bxe4 10. a4 b4 11. Qe2 Bb7 12. b3 Nc6 13. Nf5 g6 14. Bb2 e5 15. Ne3 Bg7 16. O-O-O O-O 17. Nd5 Nd4 18. Bxd4 exd4 19. Nf4 Re8 20. Qg4 Be4 21. Bd3 d5 22. h4 Rc8 23. Kb1 Qc7 24. Rc1 a5 25. h5 Rcd8 26. hxg6 hxg6 27. f3 Bxd3 28. Nxd3 Re3 29. Rh1 Qc3 30. Rcd1 Re2 31. Rc1 Rxc2 32. Rxc2 Qxd3 33. Kb2 Qa6 34. Rch2 d3+ 35. Ka2 Rc8 36. Qd7 Qe6 37. Qxe6 fxe6 38. Rd1 Rc3 39. Rhd2 Kf7 40. Rxd3 Rc2+ 41. Kb1 Rb2+ 42. Kc1 Rf2 43. R1d2 Rf1+ 44. Kc2 Bc3 45. Rh2 Ke7 46. Rh7+ Kd6 47. Ra7 Rf2+ 48. Kc1 Rb2 49. Ra6+ Ke5 50. Re3+ Kf5 51. Rexe6 Kxg5 52. Rxg6+ Kf4 53. Rxa5 d4 54. Rf6+ Ke3 55. f4 Ra2 56. Rh6 Ra1+ 57. Kc2 d3# 0-1


[Site "https://www.chess.com"]

[Event "Titled Tuesday Blitz September 21 2021"]
[White "Sharma, Dinesh K."]
[Black "Shkapenko, Pavel"]
[WhiteFideId "5004110"]
[BlackFideId "4151933"]
[WhiteElo "2392"]
[BlackElo "2386"]
[Result "0-1"]
[Round "06"]
[TimeControl "180+1"]
[Date "2021.09.21"]
[WhiteClock "0:00:15"]
[BlackClock "0:00:10"]

1. e4 e5 2. Nf3 Nc6 3. Bb5 Bc5 4. c3 f5 5. d4 fxe4 6. dxc5 exf3 7. Qxf3 Nf6 8. Bc4 Qe7 9. b4 a5 10. b5 e4 11. Qe3 Ne5 12. Be2 Ng6 13. O-O O-O 14. Nd2 d5 15. cxd6 cxd6 16. h3 d5 17. a4 Qc7 18. c4 Be6 19. Bb2 Nf4 20. Rfc1 Nxe2+ 21. Qxe2 Qf7 22. cxd5 Bxd5 23. Bxf6 Qxf6 24. Nf1 Qg6 25. Ne3 Be6 26. Kh1 Rf7 27. Rc2 Raf8 28. Rac1 Bb3 29. Rd2 Qe6 30. Ra1 h6 31. Kg1 Qg6 32. Kh1 Qf6 33. Rf1 Qe6 34. Rd4 Qe5 35. Qd2 Kh7 36. Kg1 Be6 37. Rd8 Qg5 38. Rxf8 Rxf8 39. Kh1 Rf6 40. Qd4 Qf4 41. b6 Rg6 42. Qc3 Bxh3 43. gxh3 Qf3+ 44. Kh2 Rg2+ 45. Nxg2 Qxc3 46. Ne3 Qc5 47. Kg2 Qxb6 48. Rc1 Qg6+ 49. Kf1 Qe6 50. Rc4 Qxh3+ 51. Ke1 Qh5 52. Rxe4 Qh1+ 0-1


[Site "https://www.chess.com"]

[Event "Titled Tuesday Blitz September 21 2021"]
[White "Silva, Miguel Antonio Neto"]
[Black "Petriashvili, Nikoloz"]
[WhiteFideId "1911929"]
[BlackFideId "13611216"]
[WhiteElo "2283"]
[BlackElo "2430"]
[Result "0-1"]
[Round "06"]
[TimeControl "180+1"]
[Date "2021.09.21"]
[WhiteClock "0:00:24"]
[BlackClock "0:02:06"]

1. e4 c5 2. Nf3 Nc6 3. d4 cxd4 4. Nxd4 Nf6 5. Nc3 e5 6. Ndb5 d6 7. Nd5 Nxd5 8. exd5 Nb8 9. c4 Be7 10. Qa4 O-O 11. Be2 Bd7 12. Qb4 Na6 13. Qb3 Nc5 14. Qb4 a5 15. Qa3 Bxb5 16. cxb5 a4 17. Be3 Qa5+ 18. Qc3 Qxc3+ 19. bxc3 Rfc8 20. f3 f5 21. Kd2 Bd8 22. Rhc1 Bb6 23. Rab1 Nd7 24. Bg5 Kf7 25. Bd3 h6 26. Bh4 g6 27. g4 e4 28. fxe4 g5 29. Bg3 f4 30. Be1 Be3+ 31. Ke2 Bxc1 32. Rxc1 Ne5 33. h3 a3 34. Bc2 Rc4 35. Rb1 Nd7 36. Bd3 Rc7 37. h4 Nc5 38. Bc2 Re7 39. Kf3 Nd7 40. hxg5 hxg5 41. Bf2 Ne5+ 42. Ke2 Nxg4 43. Bd4 Ne5 44. Rg1 Kg6 45. c4 Rh8 46. Kd1 Rh2 47. c5 dxc5 48. Bxc5 Rc7 49. Bd6 Rcxc2 50. Bxe5 Rhd2+ 51. Ke1 Rh2 52. Bxf4 Rxa2 53. Bc1 Ra1 54. Kd1 Rxc1+ 55. Kxc1 a2 0-1


[Site "https://www.chess.com"]

[Event "Titled Tuesday Blitz September 21 2021"]
[White "Skatchkov, Valery"]
[Black "Coelho, Ramyres Santana"]
[WhiteFideId "24195812"]
[BlackFideId "2120690"]
[WhiteElo "2195"]
[BlackElo "1888"]
[Result "1-0"]
[Round "06"]
[TimeControl "180+1"]
[Date "2021.09.21"]
[WhiteClock "0:02:06"]
[BlackClock "0:00:04"]

1. Nf3 Nf6 2. g3 g6 3. Bg2 Bg7 4. O-O O-O 5. c4 d6 6. Nc3 c6 7. b3 Qc7 8. Bb2 e5 9. d3 Nbd7 10. Rc1 Nc5 11. a3 Ne6 12. e3 b6 13. h3 Bb7 14. b4 a5 15. Qb3 axb4 16. axb4 Rfd8 17. d4 exd4 18. exd4 Nh5 19. Rfd1 h6 20. d5 Ng5 21. dxc6 Bxc6 22. Nd5 Bxd5 23. cxd5 Qd7 24. Nxg5 hxg5 25. Rc6 Bxb2 26. Qxb2 b5 27. Bf3 Ng7 28. Kg2 Rac8 29. Qf6 Rxc6 30. dxc6 Qc7 31. Qxg5 Ne6 32. Qxb5 Rb8 33. Qd5 Rxb4 34. Qxd6 Qxd6 35. Rxd6 Rc4 36. Bd5 Rd4 37. Rxe6 Rxd5 38. c7 Rc5 39. Re8+ 1-0


[Site "https://www.chess.com"]